 Dungeon Crawl Stone Soup version 0.30-a0-719-gcc4359ea44 (webtiles) character file.

Game seed: 4401363036334054632

336 browni3141 the Grave Robber (level 6, -9/47 HPs)
             Began as a Mummy Cinder Acolyte on Jan 26, 2023.
             Was a High Priest of Ignis.
             Mangled by an iguana (12 damage)
             ... on level 4 of the Dungeon.
             The game lasted 00:06:34 (2910 turns).

browni3141 the Grave Robber (Mummy Cinder Acolyte)  Turns: 2910, Time: 00:06:35

Health: -9/47      AC:  7    Str: 19    XL:     6   Next: 28%
Magic:  5/8        EV: 10    Int: 14    God:    Ignis [*****.]
Gold:   129        SH:  0    Dex:  7    Spells: 4/7 levels left

rFire   . . .      SeeInvis +    h - +1 dagger (venom)
rCold   + . .      Faith    +    (no shield)
rNeg    + + +      Spirit   .    d - +0 ring mail
rPois   ∞          Reflect  .    m - +1 helmet {SInv}
rElec   .          Harm     .    (no cloak)
rCorr   .          Rampage  .    (no gloves)
Will    .....                    (no boots)
Stlth   +                        (no amulet)
HPRegen 0.27/turn                (no ring)
MPRegen 0.11/turn                (no ring)

@: no status effects
A: cold resistance 1, negative energy resistance 3, torment resistance 2, heat
vulnerability 1, in touch with death 1, no potions, faith
a: Renounce Religion, Fiery Armour, Foxfire Swarm, Rising Flame


You were on level 4 of the Dungeon.
You worshipped Ignis.
Ignis was extremely pleased with you.
You visited 1 branch of the dungeon, and saw 4 of its levels.

You collected 129 gold pieces.

Inventory:

Hand Weapons
 a - a -1 hand axe of flaming
 h - a +1 dagger of venom (weapon)
Armour
 b - a +0 robe
 c - a +0 leather armour
 d - a +0 ring mail (worn)
 m - a +1 helmet of see invisible (worn)
Jewellery
 l - a +4 ring of slaying
Scrolls
 e - a scroll of teleportation {unknown}
 f - a scroll of magic mapping {unknown}
 g - 2 scrolls of enchant weapon {unknown}
 i - 6 scrolls of identify {unknown}
 j - a scroll of immolation {unknown}
 k - a scroll of enchant armour {unknown}
 n - a scroll of blinking {unknown}


   Skills:
 - Level 3.0 Fighting
 - Level 4.0 Axes
 - Level 2.0 Stealth
 - Level 1.3 Spellcasting
 * Level 4.3 Necromancy
 - Level 2.4 Fire Magic


You had 4 spell levels left.
You knew the following spells:

 Your Spells              Type           Power      Damage    Failure   Level
a - Scorch                Fire           14%        2d6       24%         2
b - Necrotise             Necr           76%        1d7       8%          1

Your spell library contained the following spells:

 Spells                   Type           Power      Damage    Failure   Level
 Apportation              Tloc           0%         N/A       41%         1
 Summon Small Mammal      Summ           0%         N/A       41%         1
 Gell's Gravitas          Tloc           0%         N/A       78%         3
 Teleport Other           Tloc           0%         N/A       78%         3
 Dispersal                Tloc           0%         N/A       100%        6


Dungeon Overview and Level Annotations

Branches:
Dungeon (4/15)
 Temple: D:4-7

Altars:

Annotations:
D:2 1 runed translucent door, Crazy Yiuf


Innate Abilities, Weirdness & Mutations

You are immune to poison.
Your flesh is cold resistant. (rC+)
You are immune to negative energy. (rN+++)
You are immune to unholy pain and torment.
You are vulnerable to heat. (rF-)
You are in touch with the powers of death.
You do not drink.
You have a special connection with the divine. (Faith)


Message History

The orc wizard is heavily wounded.
The orc wizard casts a spell at you. The puff of flame hits you!
You closely miss the orc wizard.
The orc wizard is severely wounded.
The orc wizard casts a spell at you. The magic dart hits you.
You hit the orc wizard but do no damage.
The orc wizard looks even sicker.
The orc wizard is severely wounded.
The orc wizard hits you with a +0 dagger.
You closely miss the orc wizard.
The orc wizard is almost dead.
You kill the orc wizard!
You completely miss the iguana. The iguana closely misses you.
You hit the iguana.
The iguana is poisoned.
The iguana is lightly wounded.
The iguana bites you!
* * * LOW HITPOINT WARNING * * *
Okay, then.
Cast which spell? (? or * to list)
Aiming: Necrotise (safe; 8% risk of failure)
Press: ? - help, Shift-Dir - straight line, f - iguana
Aim: an iguana (moderately wounded, very poisoned, chance to affect: 84%)
You feel a surge of power!
The iguana writhes in agony.
The iguana bites you but does no damage.
Casting: Necrotise (safe; 8% risk of failure)
Confirm with . or Enter, or press ? or * to list all spells.
Aiming: Necrotise (safe; 8% risk of failure)
Press: ? - help, Shift-Dir - straight line, f/p - iguana
Aim: an iguana (moderately wounded, very poisoned, chance to affect: 84%)
You feel a surge of power!
The iguana writhes in agony.
The iguana bites you!
* * * LOW HITPOINT WARNING * * *
Casting: Necrotise (safe; 8% risk of failure)
Confirm with . or Enter, or press ? or * to list all spells.
Aiming: Necrotise (safe; 8% risk of failure)
Press: ? - help, Shift-Dir - straight line, f/p - iguana
Aim: an iguana (severely wounded, very poisoned, chance to affect: 84%)
You feel a surge of power!
The iguana writhes in agony.
The iguana bites you!
You die...

#...#####.## #..##
. #### ###..# .
##..###...)#### .#
#.............# ..
##...........###
..###..##.......##
.....######....l##
.....# ##.###@##
###.## ##.# ##.##
#..######..# ##.##
##........## ##.#
##..###..# #.#
#### #### #.# .#
##### #### #.##
..# ###...#####..#
#..## #..#
##..###.......#
##..####...#


You could see an iguana (very poisoned).

Vanquished Creatures
  A water moccasin (D:3)
  An orc priest (D:3)
  Jessica (D:2)
  2 orc wizards (D:4)
  Robin (D:2)
  4 adders
  3 dart slugs
  5 orcs
  9 ball pythons
  4 endoplasms
  16 goblins
  9 hobgoblins
  4 jackals (D:1)
  2 quokkas (D:4)
  3 bats
  2 frilled lizards
  6 kobolds
  3 rats
76 creatures vanquished.

Vanquished Creatures (others)
  7 foxfires (D:3)
7 creatures vanquished.

Grand Total: 83 creatures vanquished

Notes
Turn   | Place    | Note
-------+----------+-------------------------------------------
     0 | D:1      | browni3141 the Mummy Cinder Acolyte began the quest for the
                  | Orb.
     0 | D:1      | Reached XP level 1. HP: 18/18 MP: 2/2
   255 | D:1      | Reached skill level 1 in Stealth
   459 | D:1      | Reached XP level 2. HP: 24/24 MP: 4/4
   484 | D:1      | Learned a level 2 spell: Scorch
   632 | D:1      | Gained mutation: You are in touch with the powers of death.
                  | [Mummy growth]
   632 | D:1      | Reached XP level 3. HP: 26/29 MP: 5/5
   881 | D:2      | Noticed Jessica
   889 | D:2      | Killed Jessica
   971 | D:2      | Reached XP level 4. HP: 21/35 MP: 6/6
  1233 | D:2      | Found a runed translucent door.
  1234 | D:2      | Noticed Crazy Yiuf
  1477 | D:2      | Noticed Robin
  1495 | D:2      | Killed Robin
  1912 | D:2      | You fall into a shaft and drop 1 floor!
  1925 | D:3      | Noticed a water moccasin
  2132 | D:3      | Learned a level 1 spell: Necrotise
  2264 | D:3      | Reached skill level 1 in Necromancy
  2265 | D:3      | Reached XP level 5. HP: 26/41 MP: 7/7
  2448 | D:3      | Killed a water moccasin
  2550 | D:3      | Reached XP level 6. HP: 45/47 MP: 8/8
  2910 | D:4      | Mangled by an iguana

Illustrated notes

Levels and vault maps discovered:
D:1:      minmay_arrival_semitransparent, layout_loops_cross,
          roderic_roman_lattice, minmay_strange_pillars,
          amcnicky_mini_rare_corridor_liquid, chequers_serial_rivers_room_b,
          minmay_vboxes
D:2:      layout_basic, uniq_jessica, uniq_robin, uniq_crazy_yiuf_cottage
D:3:      layout_basic, minmay_distorted
D:4:      layout_layer_cave, mainiacjoe_overflow_small_starburst

Skill      XL: |  1  2  3  4  5  6 |
---------------+-------------------+-----
Stealth        | 1 2 |  2.0
Axes           | 3 4 |  4.0
Necromancy     | 1 3 4 |  4.3
Fighting       | |  3.0
Spellcasting   | |  1.3
Fire Magic     | |  2.4

Action                     |  1- 3 |  4- 6 || total
---------------------------+-------+-------++-------
  Melee: Hand axe          |    56 |       ||    56
         Dagger            |    54 |   159 ||   213
         Punch             |       |     2 ||     2
   Cast: Necrotise         |       |     3 ||     3
 Invoke: Foxfire Swarm     |       |     1 ||     1
         Fiery Armour      |       |     1 ||     1
   Stab: Sleeping          |       |     1 ||     1
 Armour: Ring mail         |    43 |    50 ||    93
  Dodge: Dodged            |    53 |    80 ||   133

Table legend: (Time is in decaauts)
 A = Elapsed time spent in this place.
 B = Non-inter-level travel time spent in this place.
 C = Inter-level travel time spent in this place.
 D = Time resting spent in this place.
 E = Time spent auto-exploring this place.
 F = Levels seen in this place.
 G = Mean time per level.
                   A        B        C        D        E       F      G
               +--------+--------+--------+--------+--------+-----+--------+
         Total |   2920 |   2831 |     89 |     48 |   2115 |   4 |  730.0 |
       Dungeon |   2920 |   2831 |     89 |     48 |   2115 |   4 |  730.0 |
               +--------+--------+--------+--------+--------+-----+--------+

Top non-repeatable levels by time:
     D:2: 1192 daAuts
     D:1: 890 daAuts
     D:3: 589 daAuts
     D:4: 247 daAuts
